Map: Winter Madness LE

Players

ShoWTimE

  • Race: Protoss Protoss
  • League: Master
  • Spawn Location: 5:00

LiquidClem (Clem) - Winner!

  • Race: Terran Terran
  • League: Grandmaster
  • Spawn Location: 11:00

VOD

Have the link to the VOD?

Description

Time

  • Played on: Feb. 1, 2026, 2:11 p.m.
  • Length: 21:20
Show
View Real Time Build Order
Export as new Build Order

ShoWTimE Protoss 

Build Orders: 1 Gate Expand, Blink Stalkers 

Get SALT Encoding   

  12  0:00  Probe  
  13  0:12  Probe  
  14  0:17  Pylon  
  14  0:24  Probe  
  15  0:32  Probe  
  15  0:35  Gateway  
  15  0:40  Probe  
  16  0:45  Assimilator  
  17  0:50  Probe  
  18  1:03  Probe  
  19  1:15  Probe  
  20  1:22  Cybernetics Core  
  20  1:31  Nexus  
  20  1:33  Probe  
  20  1:39  Pylon  
  21  1:45  Probe  
  22  1:48  Adept, Assimilator  
  22  1:57  Probe  
  22  2:00  Warp Gate  
  25  2:08  Adept  
  25  2:09  Probe  
  26  2:21  Probe  
  29  2:30  Twilight Council  
  29  2:33  Probe  
  30  2:42  Probe  
  30  2:45  Probe  
  30  2:50  Probe  
  32  2:56  Stalker  
  32  2:57  Probe, Blink  
  32  2:58  Shield Battery  
  32  3:00  Shield Battery, Probe  
  32  3:09  Probe  
  32  3:12  Probe  
  35  3:22  Probe  
  35  3:24  Probe  
  35  3:34  Probe  
  36  3:36  Probe  
  36  3:37  Gateway  
  37  3:46  Probe  
  38  3:48  Probe  
  39  3:57  Robotics Facility  
  39  3:58  Probe  
  39  4:00  Gateway  
  39  4:02  Stalker  
  42  4:05  Probe  
  42  4:08  Pylon  
  43  4:10  Probe  
  43  4:17  Probe  
  45  4:19  Assimilator  
  45  4:21  Assimilator  
  45  4:22  Probe  
  46  4:27  Stalker  
  46  4:30  Pylon  
  48  4:32  Stalker  
  48  4:33  Probe  
  48  4:36  Probe  
  52  4:45  Observer, Probe  
  54  4:50  Probe  
  54  4:54  Templar Archives  
  54  4:57  Probe  
  55  5:03  Pylon  
  55  5:05  Gateway  
  55  5:10  Nexus, Psionic Storm  
  55  5:13  Pylon  
  55  5:17  Stalker  
  55  5:19  Probe  
  58  5:23  Stalker  
  60  5:34  Charge  
  60  5:35  High Templar  
  60  5:38  Probe x2  
  64  5:42  Gateway  
  64  5:50  Gateway  
  64  5:53  Gateway  
  64  6:01  Gateway  
  64  6:03  High Templar, Probe x2  
  67  6:12  High Templar  
  67  6:15  Probe x2  
  71  6:22  Warp Prism  
  71  6:23  Pylon  
  73  6:26  Probe  
  73  6:27  Probe  
  73  6:28  Pylon  
  73  6:30  High Templar  
  73  6:31  Probe  
  78  6:38  Probe  
  78  6:39  Probe  
  80  6:42  Zealot x2  
  80  6:43  Probe  
  85  6:48  High Templar  
  85  6:50  Probe  
  85  6:52  Probe, Stalker x2  
  93  6:59  Zealot  
  93  7:00  Probe  
  94  7:03  Zealot  
  94  7:06  Probe  
  94  7:08  Zealot  
  73  7:16  Zealot x2  
  56  7:25  Stalker x2  
  59  7:31  High Templar  
  61  7:41  Zealot x3  
Show
View Real Time Build Order
Export as new Build Order

LiquidClem Terran - Winner!

Build Orders:  

Get SALT Encoding   

  12  0:00  SCV  
  13  0:12  SCV  
  14  0:16  Supply Depot  
  14  0:24  SCV  
  15  0:38  SCV  
  15  0:40  Barracks  
  15  0:42  Refinery  
  16  0:50  SCV  
  16  0:53  Refinery  
  17  1:02  SCV  
  18  1:14  SCV  
  19  1:26  Reaper  
  19  1:27  Orbital Command  
  19  1:29  Supply Depot  
  20  1:40  Factory  
  20  1:52  SCV  
  21  1:58  Reaper  
  22  2:04  SCV  
  23  2:13  Command Center  
  23  2:16  SCV  
  24  2:24  Hellion  
  26  2:30  Starport  
  26  2:34  SCV  
  27  2:38  Barracks Reactor  
  27  2:46  SCV  
  27  2:48  Factory Tech Lab  
  28  2:58  SCV  
  28  3:08  Cyclone  
  28  3:11  Supply Depot  
  31  3:25  Marine  
  31  3:26  Marine  
  31  3:27  SCV  
  31  3:29  Medivac  
  31  3:31  Orbital Command  
  33  3:39  SCV  
  34  3:43  Marine  
  34  3:44  Marine  
  36  3:50  Barracks  
  36  3:51  SCV  
  36  3:53  Factory Tech Lab  
  37  3:57  SCV  
  37  4:03  Marine x2, SCV  
  37  4:08  Supply Depot, Raven  
  37  4:09  SCV  
  43  4:13  Siege Tank  
  43  4:15  SCV  
  47  4:21  Supply Depot, SCV  
  47  4:22  Marine x2  
  50  4:29  SCV  
  50  4:30  Barracks  
  51  4:34  SCV  
  52  4:39  Marine x2  
  52  4:41  SCV  
  52  4:42  Engineering Bay  
  55  4:46  Siege Tank  
  55  4:47  SCV  
  55  4:51  Refinery, Stimpack  
  59  4:55  SCV  
  59  4:56  Marine  
  59  4:59  SCV  
  62  5:03  Supply Depot  
  62  5:04  Marine x2  
  64  5:07  SCV  
  64  5:10  Terran Infantry Weapons Level 1  
  64  5:13  SCV  
  66  5:17  Supply Depot  
  66  5:19  Marauder, SCV  
  69  5:25  Marine x2, SCV  
  69  5:26  Combat Shield  
  72  5:30  Supply Depot  
  72  5:32  Starport Reactor  
  72  5:33  SCV, Refinery  
  73  5:36  Marauder  
  73  5:38  SCV  
  76  5:43  Marine x2, Marauder  
  76  5:45  SCV  
  76  5:47  Factory Reactor  
  81  5:50  Supply Depot  
  81  5:52  SCV  
  82  5:57  SCV  
  82  5:58  Marauder  
  82  6:00  Marine x2  
  86  6:08  Marauder, Supply Depot  
  86  6:09  Medivac  
  90  6:11  Medivac  
  90  6:14  Supply Depot  
  92  6:18  Marine x2  
  92  6:19  Marauder  
  92  6:25  Widow Mine x2  
  100  6:30  Marauder  
  102  6:36  Marine x2  
  102  6:38  Supply Depot  
  104  6:40  Marauder  
  104  6:42  Concussive Shells  
  104  6:46  Medivac  
  108  6:49  Widow Mine x2  
  108  6:51  Marauder  
  114  6:54  Marine x2  
  114  6:55  Medivac  
  114  7:00  Supply Depot  
  116  7:02  Marauder  
  111  7:13  Marauder  
  111  7:14  Widow Mine x2, Marine x2  
  118  7:19  Medivac  
  118  7:23  Marauder, Supply Depot  
  118  7:24  Supply Depot  
  109  7:32  SCV x2  
  109  7:33  Command Center  
  109  7:34  Marauder  
  109  7:36  Terran Infantry Armor Level 1  
  113  7:38  Marine x2  
  113  7:41  Widow Mine  
  113  7:43  Widow Mine  
  120  7:44  SCV, Marauder  
Tags
 
Add a new tag
Caveats
  • Supply blocks, unpowered buildings, or Contaminate may cause inaccurate times.
  • Supply counts are checked every 10 seconds.